 Dungeon Crawl Stone Soup version 0.32-a0-996-gb3226c233f (webtiles) character file.

Game seed: 8635669625443534236

1092 GiantSquids the Changeling (level 8, -9/52 HPs)
             Began as an Octopode Cinder Acolyte on Apr 24, 2024.
             Was a High Priest of Ignis.
             Killed from afar by an electric eel (12 damage)
             ... with a bolt of electricity
             ... on level 6 of the Dungeon.
             The game lasted 00:16:50 (5138 turns).

GiantSquids the Changeling (OpCA)                   Turns: 5138, Time: 00:16:51

Health: -9/52      AC:  8    Str: 16    XL:     8   Next: 31%
Magic:  9/9        EV: 11    Int: 16    God:    Ignis [*****.]
Gold:   248        SH:  0    Dex:  7    Spells: 9/9 levels left

rFire   + .          .
                       - Unarmed
rCold   . . .        (no shield)
rNeg    . . .        (helmet currently unavailable)
rPois   .            i - amulet of the acrobat
rElec   .            (no ring)
rCorr   .            (no ring)
SInv    .            (no ring)
Will    .....        (no ring)
Stlth   ++++         (no ring)
HPRegen 0.28/turn    (no ring)
MPRegen 0.11/turn    (no ring)
                     (no ring)

%: acrobat
@: beast-form, fiery-armoured
A: beast (slay +3), almost no armour, amphibious, 8 rings, camouflage 1,
gelatinous body 1, nimble swimmer 1, tentacles
a: Begin Untransformation, Renounce Religion, Fiery Armour, Foxfire Swarm,
Rising Flame


You were on level 6 of the Dungeon.
You worshipped Ignis.
Ignis was extremely pleased with you.
You were a hulking beast.
You visited 1 branch of the dungeon, and saw 6 of its levels.
You also visited: Sewer.

You collected 248 gold pieces.

Inventory:

Jewellery
 i - an amulet of the acrobat (around mantle)
Talismans
 j - a beast talisman (active)
Scrolls
 b - a scroll of revelation {unknown}
 d - a scroll of poison
 e - 2 scrolls of amnesia {unknown}
 f - 2 scrolls of noise {unknown}
 h - 3 scrolls of enchant armour
 n - 3 scrolls of teleportation {unknown}
 q - 2 scrolls of blinking {unknown}
 s - a scroll of acquirement {unknown}
 u - a scroll of enchant weapon
Potions
 a - 6 potions of curing
 c - 2 potions of haste
 g - 2 potions of brilliance
 k - 3 potions of resistance
 l - a potion of might
 m - 3 potions of cancellation {unknown}
 o - 2 potions of heal wounds {unknown}
 p - a potion of berserk rage {unknown}
 r - a potion of lignification {unknown}
 t - 3 potions of mutation {unknown}


   Skills:
 - Level 3.0 Fighting
 - Level 4.0 Stealth
 - Level 6.0 Unarmed Combat
 - Level 1.0 Spellcasting
 - Level 3.0 Fire Magic
 * Level 6.6 Shapeshifting


You had 9 spell levels left.
You didn't know any spells.
Your spell library contained the following spells:

 Spells                   Type           Power      Damage    Failure   Level
 Scorch                   Fire           20%        2d5       10%         2
 Jinxbite                 Hex            0%         N/A       34%         2
 Sublimation of Blood     Necr           0%         N/A       34%         2
 Frozen Ramparts          Ice            0%         1d1       56%         3
 Hailstorm                Conj/Ice       0%         3d5       56%         3
 Ozocubu's Armour         Ice            0%         N/A       56%         3
 Summon Ice Beast         Ice/Summ       0%         N/A       56%         3
 Tukima's Dance           Hex            0%         N/A       56%         3
 Dimensional Bullseye     Hex/Tloc       0%         N/A       92%         4
 Iskenderun's Mystic Bla Conj/Tloc 0%             2d3        (+2d1     92%         4
 Curse of Agony           Necr           0%         N/A       99%         5
 Metabolic Englaciation   Hex/Ice        0%         N/A       99%         5
 Yara's Violent Unravell  Hex/Alch       0%         3d3       99%         5
 Permafrost Eruption      Ice/Erth       0%         2x4d1     100%        6
 Sculpt Simulacrum        Ice/Alch       0%         N/A       100%        6
 Enfeeble                 Hex            0%         N/A       100%        7
 Rimeblight               Ice/Necr       0%         2d3       (prima100%   7


Dungeon Overview and Level Annotations

Branches:
Dungeon (6/15)             Temple (0/1) D:5           Sewer (visited)

Altars:
Makhleb
Nemelex Xobeh

Shops:
D:2 :


Innate Abilities, Weirdness & Mutations

You are a hulking beast.
Your limbs bulge with bestial killing power. (Slay +3)
You cannot wear most types of armour.
You are amphibious.
You can wear up to eight rings at the same time.
Your skin changes colour to match your surroundings (Stealth+).
Your rubbery body absorbs attacks. (AC +1, EV +1)
You are camouflaged when in or above water. (Stealth+)
You have tentacles for arms and can constrict up to eight enemies at once.


Message History

There is a stone staircase leading down here.
You climb downwards.
There is a stone staircase leading up here.
You see here a +0 leather armour.
You enter the deep water.
A gnoll is nearby!
Found a stone staircase leading down.
There is an open door here.
A gnoll opens the door.
You enter the shallow water.
You enter the deep water.
You open the door.
Found a hand axe.
Found a dazzling scale mail.
There is an open door here.
You see here the +4 scale mail "Ucatsixo" {+Inv rF+ Str+3}.
An electric eel is nearby!
There is a fountain of clear blue water here.
The electric eel shoots out a bolt of lightning at you!
The bolt of electricity hits you!
You enter the shallow water.
The electric eel shoots out a bolt of lightning at you!
The bolt of electricity hits you! x2
The bolt of electricity hits the electric eel.
The electric eel completely resists.
The electric eel shoots out a bolt of lightning at you!
The bolt of electricity hits you!
* * * LOW HITPOINT WARNING * * *
You hear a shout!
You bludgeon the electric eel! Your grab misses the electric eel.
The electric eel is heavily wounded.
The electric eel shoots out a bolt of lightning at you!
The bolt of electricity hits you!
* * * LOW HITPOINT WARNING * * *
You hear a shout!
A protective cloak of flame settles atop you.
The electric eel shoots out a bolt of lightning at you!
The bolt of electricity hits you!
You die...
Ignis goes out, and joins you in death.

############# ## #.... ...... ..#
#...###~..~###..# #####
#..#...#≈~#...#.# ....#
#..#.⌠.#≈≈#.⌠.#.## ....#
#..#...#≈≈#...#..#
....#####...###~~≈÷###...# ##
....'.........~≈≈≈≈~....'. >#
....######....≈Sh≈≈~...g# #.#
######## #..###≈≈≈~###..######.##
.......###.#...#≈≈#...#........#.
...........#.⌠.#≈≈#.⌠.#...####.#.
.........#.#...#≈~#...#...'....#.
..)......#..###~..~###....###....
.........#.............÷+## #....
####....###.#..#...#####.####...#
#...[##..................#.<..


You could see an electric eel and a gnoll.

Vanquished Creatures
  An ogre (D:5)
  A phantom (D:5)
  2 brain worms (Sewer)
  A bullfrog (D:5)
  2 scorpions
  2 electric eels (D:6)
  A bombardier beetle (D:4)
  A hound (D:6)
  2 iguanas
  4 orc wizards (D:5)
  10 adders
  7 gnolls
  8 river rats
  10 dart slugs
  A ribbon worm (D:5)
  8 orcs
  10 ball pythons
  A bat (D:1)
  4 endoplasms
  2 giant cockroaches
  8 goblins
  3 hobgoblins
  12 kobolds
  3 quokkas
  9 frilled lizards
  15 rats
128 creatures vanquished.

Notes
Turn   | Place    | Note
-------+----------+-------------------------------------------
     0 | D:1      | GiantSquids the Octopode Cinder Acolyte began the quest for
                  | the Orb.
     0 | D:1      | Reached XP level 1. HP: 16/16 MP: 2/2
    23 | D:1      | Reached skill level 1 in Stealth
   116 | D:1      | Reached XP level 2. HP: 21/21 MP: 3/3
   749 | D:2      | Found a burning altar of Makhleb.
   767 | D:2      | Reached XP level 3. HP: 26/26 MP: 4/4
  1145 | D:2      | Reached skill level 1 in Shapeshifting
  1232 | D:2      | Found Nuw Syk's Book Emporium.
  1486 | D:3      | Reached XP level 4. HP: 12/31 MP: 5/5
  2457 | D:4      | Reached XP level 5. HP: 36/36 MP: 6/6
  3053 | D:5      | Entered Level 5 of the Dungeon
  3232 | D:5      | Reached XP level 6. HP: 35/42 MP: 7/7
  3237 | D:5      | Reached skill level 5 in Unarmed Combat
  3312 | D:5      | Found a sparkling altar of Nemelex Xobeh.
  3393 | D:5      | Found a staircase to the Ecumenical Temple.
  3534 | D:5      | Reached XP level 7. HP: 32/46 MP: 8/8
  4049 | D:6      | Reached skill level 5 in Shapeshifting
  4194 | D:6      | Found a glowing drain.
  4202 | Sewer    | Entered a sewer
  4359 | Sewer    | Reached XP level 8. HP: 47/52 MP: 7/9
  5118 | D:6      | Identified the +4 scale mail "Ucatsixo" {+Inv rF+ Str+3}
  5138 | D:6      | Killed from afar by an electric eel

Illustrated notes

Levels and vault maps discovered:
D:1:      eino_arrival_water_star, layout_basic, nicolae_the_louvre
D:2:      layout_basic, basic_altar, serial_shops, nicolae_shop_window_shopping
D:3:      layout_rooms, chequers_avenue, grunt_decor_arrowhead,
          nicolae_eternal_life
D:4:      layout_basic
D:5:      layout_basic, mainiacjoe_overflow_boulevard,
          minmay_temple_entry_arrows
D:6:      kennysheep_slugbush, layout_basic, serial_corexii_hall,
          chequers_hall_statues_wall_a, corexii_hall_statues_i,
          portal_sewer_entry_e, fountainhead

Skill      XL: |  1  2  3  4  5  6  7  8 |
---------------+-------------------------+-----
Stealth        | 1 2 3 4 |  4.0
Unarmed Combat | 4 5 6 |  6.0
Shapeshifting  | 1 2 3 5 6 |  6.6
Fighting       | |  3.0
Spellcasting   | |  1.0
Fire Magic     | |  3.0

Action                     |  1- 3 |  4- 6 |  7- 9 || total
---------------------------+-------+-------+-------++-------
  Melee: Unarmed           |    67 |    62 |   106 ||   235
         Constrict         |    18 |    18 |    35 ||    71
         Tentacles         |    11 |    16 |    20 ||    47
         Punch             |     3 |     3 |     3 ||     9
  Throw: Throwing net      |       |     1 |       ||     1
 Invoke: Fiery Armour      |       |     2 |     1 ||     3
    Use: Scroll            |       |     8 |       ||     8
   Stab: Sleeping          |     5 |     6 |     5 ||    16
         Distracted        |     1 |       |       ||     1
 Armour: Skin              |    22 |    31 |    41 ||    94
  Dodge: Dodged            |    28 |    37 |    60 ||   125
   Form: Beast             |     1 |       |       ||     1

Table legend: (Time is in decaauts)
 A = Elapsed time spent in this place.
 B = Non-inter-level travel time spent in this place.
 C = Inter-level travel time spent in this place.
 D = Time resting spent in this place.
 E = Time spent auto-exploring this place.
 F = Levels seen in this place.
 G = Mean time per level.
                   A        B        C        D        E       F      G
               +--------+--------+--------+--------+--------+-----+--------+
         Total |   5115 |   4967 |    148 |    179 |   3349 |   7 |  730.7 |
       Dungeon |   4680 |   4532 |    148 |     69 |   3270 |   6 |  780.0 |
         Sewer |    435 |    435 |      0 |    110 |     79 |   1 |  435.0 |
               +--------+--------+--------+--------+--------+-----+--------+

Top non-repeatable levels by time:
     D:5: 834 daAuts
     D:4: 820 daAuts
     D:6: 801 daAuts
     D:3: 789 daAuts
     D:2: 746 daAuts
     D:1: 687 daAuts
   Sewer: 435 daAuts
